 Dungeon Crawl Stone Soup version 0.21-a0-630-g344d351 (webtiles) character file.

15262 4thArraOfDagon the Cruncher (level 11, -1/76 HPs)
             Began as a Mummy Enchanter on Dec 25, 2017.
             Was the Champion of Cheibriados.
             Slain by a flayed ghost (11 damage)
             ... on level 12 of the Dungeon.
             The game lasted 00:44:10 (6719 turns).

4thArraOfDagon the Cruncher (Mummy Enchanter)       Turns: 6719, Time: 00:44:11

Health: -1/76      AC: 13    Str: 27    XL:     11   Next: 99%
Magic:  5/15       EV: 20    Int: 33    God:    Cheibriados [******]
Gold:   615        SH:  0    Dex: 29    Spells: 9/15 levels left

rFire    . . .     SeeInvis .   u - +10 quarterstaff "Ifoist" {drain, Dex+2}
rCold    . . .     Gourm    .   (shield currently unavailable)
rNeg     + + +     Faith    .   r - +1 ring mail {MR+}
rPois    ∞         Spirit   .   d - +0 helmet
rElec    .         Reflect  .   y - +1 cloak {MR+}
rCorr    .         Harm     .   D - +1 pair of gloves
MR       +....                  q - +0 pair of boots
Stlth    ++........             (no amulet)
HPRegen  0.22/turn              I - +5 ring of evasion
MPRegen  0.14/turn              o - ring of fire

@: vulnerable, very slow
A: no food or potions, fire vulnerability, cold resistance 1, negative energy
resistance 3, torment resistance, unbreathing
a: Bend Time, Temporal Distortion, Slouch, Step From Time, Renounce Religion


You were on level 12 of the Dungeon.
You worshipped Cheibriados.
Cheibriados was exalted by your worship.
You were not hungry.

You visited 1 branch of the dungeon, and saw 13 of its levels.
You also visited: Sewer.

You collected 615 gold pieces.

Inventory:

Hand Weapons
 a - a +1 dagger
 s - a +0 short sword of freezing
 u - the +10 quarterstaff "Ifoist" (weapon) {drain, Dex+2}
   (You found it on level 6 of the Dungeon)

   A truly terrible weapon, it drains the life of those it strikes.
   It affects your dexterity (+2).
 x - the +9 staff of Olgreb {rPois}
   (You found it on level 7 of the Dungeon)

   It protects you from poison.
 M - the +1 scythe "Fish" {freeze, +Rage, unknown}
   (You found it on level 12 of the Dungeon)

   It has been specially enchanted to freeze those struck by it, causing extra
   injury to most foes and up to half again as much damage against particularly
   susceptible opponents.
   It can also slow down cold-blooded creatures.
   It lets you go berserk.
Armour
 b - a +0 robe
 d - a +0 helmet (worn)
 p - a +0 ring mail
 q - a +0 pair of boots (worn)
 r - a +1 ring mail of magic resistance (worn)
 y - a +1 cloak of magic resistance (worn)
 B - a +2 robe of magic resistance
 D - a +1 pair of gloves (worn)
Magical Staves
 k - an uncursed staff of fire
 m - an uncursed staff of air
 G - an uncursed staff of death
Jewellery
 g - an uncursed ring of ice
 o - a ring of fire (right hand)
 A - an uncursed ring of fire
 H - an uncursed ring of protection from magic
 I - a +5 ring of evasion (left hand)
Wands
 i - a wand of polymorph (10)
 j - a wand of iceblast (2)
 J - a wand of enslavement (7)
 K - a wand of digging (18)
Scrolls
 e - 2 scrolls of amnesia
 h - 2 scrolls of remove curse
 l - 2 scrolls of identify
 n - a scroll of magic mapping
 t - 2 scrolls of holy word {unknown}
 v - 2 scrolls of fog {unknown}
 w - a scroll of enchant weapon {unknown}
 z - a scroll of immolation
 F - a scroll of enchant armour {unknown}
Books
 c - a book of Maledictions

   Spells                             Type                      Level
   a - Corona                         Hexes                        1
   b - Ensorcelled Hibernation        Hexes/Ice                    2
   c - Confuse                        Hexes                        3
   d - Tukima's Dance                 Hexes                        3
   e - Dazzling Spray                 Conjuration/Hexes            3
Miscellaneous
 L - a lamp of fire (inert)


   Skills:
 + Level 3.7 Fighting
 - Level 2.2 Short Blades
 * Level 11.1 Staves
 + Level 4.1 Armour
 + Level 4.3 Dodging
 - Level 2.4 Stealth
 - Level 5.3 Unarmed Combat
 - Level 2.6 Spellcasting
 - Level 2.6 Hexes
 - Level 6.0 Invocations
 - Level 5.4 Evocations


You had 9 spell levels left.
You knew the following spells:

 Your Spells              Type           Power        Failure   Level  Hunger
a - Corona                Hex            ###....      3%          1    N/A
b - Ensorcelled Hibernat  Hex/Ice        ##....       8%          2    N/A
c - Confuse               Hex            ###.....     9%          3    N/A

Dungeon Overview and Level Annotations

Branches:
Dungeon (13/15)            Temple (0/1) D:4
   Lair: D:8-11         Orc: D:9-12      Vaults: D:13-14

Altars:
Cheibriados
Dithmenos
Elyvilon
Fedhas
Gozag
Kikubaaqudgha
Okawaru
Trog
Xom
The Shining One

Shops:
D:7 (   D:13 (

Annotations:
D:4 happinesssam's ghost, amateur DgSk
D:5 Pulso's ghost, novice DrBe
D:8 Gastronok


Innate Abilities, Weirdness & Mutations

You do not eat or drink.
Your flesh is vulnerable to fire.
You are immune to poison.
Your flesh is cold resistant. (rC+)
You are immune to negative energy. (rN+++)
You are immune to unholy pain and torment.
You can survive without breathing.


Message History

Aim: a flayed ghost (moderately damaged, susceptible to hostile enchantments)
The flames dance!
The trail of fire misses the flayed ghost.
The flayed ghost is engulfed in blazing flames.
Unknown command.
You sock the flayed ghost!
The flayed ghost is severely damaged.
The flayed ghost hits you.
* * * LOW HITPOINT WARNING * * *
Unknown command.
You sock the flayed ghost!
The flayed ghost is almost destroyed.
The flayed ghost hits you.
* * * LOW HITPOINT WARNING * * *
Unknown command.
Unknown command.
You miss the flayed ghost.
The flayed ghost is almost destroyed.
The flayed ghost hits you!
You die...

.....# #.#....#..#.....#..)..#
.....# #.#....#..#.....#..)..#
.....# #.######..#.....#.....#
.....#####.........#.....#..<..#
...................#######.....##
..........!......................
...............###...............
##............##.##...........###
#......#####.#.@.#†..........#..
#......# #.#.§W#....#####..#..
#......# #.#8.8#....#...#..#..
#......# +.##§##....#...#..#..
##......# #.#8§8#....'...#..###
........### #.##§##....#...#.....
######....###.#8§8#....#...#.....
#........##§##....#...#.....
#........#8.8#....##+##.....


You could see a flayed ghost.

Vanquished Creatures
  Erica (D:8)
  A two-headed ogre (D:10)
  An unseen horror (D:10)
  3 ugly things
  2 manticores
  Joseph (D:9)
  Maurice (D:8)
  A troll (D:9)
  Prince Ribbit (D:7)
  3 hippogriffs
  13 yaks
  A hungry ghost (D:11)
  4 soldier ants (D:7)
  6 water moccasins
  4 porcupines (D:11)
  5 orc warriors
  2 eyes of draining
  2 black bears (D:11)
  An ice beast (D:10)
  3 sky beasts
  4 ogres
  A crocodile (D:11)
  A big kobold (Sewer)
  8 bullfrogs
  A wyvern zombie (D:11)
  4 scorpions
  3 wyvern skeletons
  36 killer bees
  3 wights (D:12)
  6 howler monkeys
  A centaur zombie (D:6)
  5 crimson imps
  4 hounds
  6 orc priests
  A bullfrog skeleton (D:10)
  3 jellies
  A centaur skeleton (D:11)
  12 orc wizards
  7 iguanas
  16 worker ants
  2 hound skeletons
  2 worker ant zombies
  4 gnolls (D:7)
  10 river rats
  8 adders
  2 shadow imps
  2 oozes
  An adder skeleton (D:6)
  3 worms
  2 dart slugs
  3 leopard geckos
  48 orcs
  5 ball pythons
  A bat zombie (D:3)
  4 giant cockroaches
  7 goblins
  5 hobgoblins
  13 jackals
  3 quokkas
  9 bats
  6 frilled lizards
  19 kobolds
  2 quokka skeletons (D:9)
  24 rats
364 creatures vanquished.

Vanquished Creatures (others)
  16 fungi (D:11)
  7 plants (D:11)
23 creatures vanquished.

Grand Total: 387 creatures vanquished

Notes
Turn   | Place    | Note
-------+----------+-------------------------------------------
     0 | D:1      | 4thArraOfDagon the Mummy Enchanter began the quest for the Orb.
     0 | D:1      | Reached XP level 1. HP: 13/13 MP: 4/4
    95 | D:1      | Reached skill level 1 in Short Blades
   241 | D:2      | Found a snail-covered altar of Cheibriados.
   243 | D:2      | Became a worshipper of Cheibriados the Contemplative
   251 | D:2      | Reached XP level 2. HP: 16/19 MP: 3/5
   275 | D:2      | Learned a level 2 spell: Ensorcelled Hibernation
   628 | D:1      | Reached XP level 3. HP: 24/25 MP: 2/7
   643 | D:1      | Reached skill level 1 in Fighting
   965 | D:2      | Reached * piety under Cheibriados
  1106 | D:3      | Learned a level 3 spell: Confuse
  1363 | D:3      | Found a shimmering altar of Xom.
  1370 | D:3      | Reached XP level 4. HP: 21/34 MP: 3/8
  1442 | D:3      | Reached ** piety under Cheibriados
  1481 | D:3      | Found an ancient bone altar of Kikubaaqudgha.
  1602 | D:4      | Reached skill level 1 in Evocations
  1608 | D:4      | Found an iron altar of Okawaru.
  1687 | D:3      | Found a glowing golden altar of the Shining One.
  1724 | D:4      | Noticed an ogre
  1768 | D:4      | Reached XP level 5. HP: 9/41 MP: 4/9
  1792 | D:4      | Noticed happinesssam's ghost (amateur DgSk)
  1932 | D:4      | Found a shadowy altar of Dithmenos.
  1954 | D:4      | Found a staircase to the Ecumenical Temple.
  2032 | D:5      | Entered Level 5 of the Dungeon
  2122 | D:5      | Found a glowing drain.
  2126 | Sewer    | Entered a sewer
  2370 | Sewer    | Reached XP level 6. HP: 32/47 MP: 10/10
  2452 | Sewer    | Reached skill level 1 in Unarmed Combat
  2465 | Sewer    | Reached *** piety under Cheibriados
  2628 | Sewer    | Reached skill level 1 in Invocations
  2809 | D:5      | Reached **** piety under Cheibriados
  2924 | D:5      | Reached XP level 7. HP: 12/52 MP: 2/11
  3079 | D:5      | Found a white marble altar of Elyvilon.
  3106 | D:5      | Noticed Pulso's ghost (novice DrBe)
  3399 | D:6      | Reached XP level 8. HP: 40/58 MP: 1/12
  3419 | D:6      | Reached skill level 5 in Unarmed Combat
  3455 | D:6      | Reached ***** piety under Cheibriados
  3626 | D:6      | Got an iridescent quarterstaff
  3627 | D:6      | Identified the +10 quarterstaff "Ifoist" {drain, Dex+2} (You found it on level 6 of the Dungeon)
  3744 | D:7      | Found a runed door.
  3747 | D:7      | Found a runed gate.
  3752 | D:7      | Found a runed door.
  3754 | D:7      | Found the +9 staff of Olgreb {rPois}
  3765 | D:7      | Noticed Prince Ribbit
  3784 | D:7      | Reached skill level 1 in Staves
  3823 | D:6      | Reached skill level 2 in Staves
  3890 | D:7      | Found a runed gate.
  3906 | D:7      | Killed Prince Ribbit
  3906 | D:7      | Reached skill level 3 in Staves
  3990 | D:7      | Found Xiaho's Weapon Emporium.
  4173 | D:7      | Reached skill level 4 in Staves
  4304 | D:7      | Found a runed gate.
  4313 | D:7      | Reached XP level 9. HP: 62/63 MP: 13/13
  4313 | D:7      | Reached skill level 5 in Staves
  4313 | D:7      | Reached skill level 6 in Staves
  4325 | D:7      | Reached skill level 7 in Staves
  4363 | D:7      | 4thArraOfDagon: ??olgreb
  4363 | D:7      | beem: staff of olgreb[1/2]: Evoking it uses 4mp and 50 hunger to cast toxic radiance, *and* an evoc+1 in 20 chance of venom bolt. Succeeds evoc+1 in 6 times. Confers poison immunity and enhances poison magic. Poisons in melee.
  4363 | D:7      | 4thArraOfDagon: ??olgreb[2
  4363 | D:7      | beem: olgreb's toxic radiance[1/3]: L4 Poison spell. Poisons creatures in LOS multiple times over several turns. Casting it multiple times in a row will make it stronger!
  4412 | D:7      | Reached skill level 8 in Staves
  4565 | D:8      | Noticed Gastronok
  4607 | D:8      | Noticed Maurice
  4614 | D:8      | Killed Maurice
  4624 | D:8      | Found an opulent altar of Gozag.
  4655 | D:8      | Reached XP level 10. HP: 69/70 MP: 14/14
  4678 | D:8      | Noticed Erica
  4784 | D:8      | Killed Erica
  4832 | D:8      | Found a bloodstained altar of Trog.
  4832 | D:8      | Found a blossoming altar of Fedhas.
  4842 | D:8      | Reached skill level 9 in Staves
  5139 | D:9      | Reached skill level 1 in Armour
  5237 | D:8      | Reached skill level 5 in Evocations
  5355 | D:9      | Noticed Joseph
  5365 | D:9      | Killed Joseph
  5365 | D:9      | Reached skill level 10 in Staves
  5408 | D:10     | Entered Level 10 of the Dungeon
  5414 | D:10     | Reached XP level 11. HP: 75/75 MP: 15/15
  5438 | D:11     | Noticed a white ugly thing
  5463 | D:10     | Reached ****** piety under Cheibriados
  5519 | D:10     | Killed an unseen horror
  5519 | D:10     | Reached skill level 5 in Invocations
  5530 | D:10     | Noticed a two-headed ogre
  5538 | D:10     | Killed a two-headed ogre
  6165 | D:11     | Noticed a purple ugly thing
  6182 | D:11     | Killed a purple ugly thing
  6201 | D:11     | Killed a green ugly thing
  6488 | D:12     | Got a fine scythe
  6490 | D:12     | Noticed a white ugly thing
  6502 | D:12     | Killed a purple ugly thing
  6502 | D:12     | Reached skill level 11 in Staves
  6681 | D:13     | Found Yttimnig's Weapon Boutique.
  6692 | D:12     | Noticed a flayed ghost
  6719 | D:12     | Slain by a flayed ghost

Vault maps used:
D:1:      dpeg_arrival_rooms_with_view
D:2:      kennysheep_slug_shrine, kennysheep_boxes
D:3:      lemuel_crystal_altar, lemuel_zombie_altar_kikubaaqudgha,
          old_standard_altar, first_ration, minmay_misc_feat_four_crosses,
          kennysheep_generic_room_12
D:4:      okawaru_gym_becter, grunt_dithmenos_smoke,
          minmay_temple_entry_statues_pillars, minmay_misc_feat_columns
D:5:      cheibrodos_two_vegetables, lemuel_doored_altar, gup_sewer_entry_bowl,
          dk_noncrumbling_3
D:7:      serial_shops, shop, grunt_livestock,
          minmay_guarded_unrand_staff_of_olgreb, uniq_prince_ribbit1
D:8:      nicolae_gozag_cash_rules_everything_around_me,
          gammafunk_temple_overflow_wave, uniq_erica, uniq_gastronok,
          uniq_maurice
D:9:      uniq_joseph
D:11:     cheibrodos_fzero, due_lair_maze_entry_diamond, hiddenorc1_lemuel,
          minmay_unpleasant_kobolds
D:12:     kennysheep_funnel
D:13:     grunt_vaults_entry_tiered, serial_shops, shop, special_room,
          enter_bailey_8
Sewer:    sewer_minmay_treatment

Skill      XL: |  1  2  3  4  5  6  7  8  9 10 11 |
---------------+----------------------------------+-----
Short Blades   | 1 2 |  2.2
Fighting       | 2 3 |  3.7
Evocations     | 2 3 5 |  5.4
Unarmed Combat | 3 4 5 |  5.3
Invocations    | 1 3 4 6 |  6.0
Staves         | 4 8 10 11 | 11.1
Armour         | 1 4 |  4.1
Dodging        | 2 4 |  4.3
Stealth        | |  2.4
Spellcasting   | |  2.6
Hexes          | |  2.6

Action                   |  1- 3 |  4- 6 |  7- 9 | 10-12 || total
-------------------------+-------+-------+-------+-------++-------
Melee: Dagger            |   133 |   203 |    50 |       ||   386
       Unarmed           |       |       |    23 |       ||    23
       Punch             |       |       |     2 |    12 ||    14
       Quarterstaff      |       |       |    77 |    66 ||   143
       Short sword       |       |       |    26 |       ||    26
       Staff             |       |       |    16 |   226 ||   242
Throw: Throwing net      |       |       |       |     2 ||     2
 Cast: Corona            |    14 |     9 |     9 |       ||    32
       Ensorcelled Hiber |    19 |    45 |    26 |       ||    90
       Confuse           |       |     1 |     1 |       ||     2
Invok: Slouch            |       |       |     4 |     2 ||     6
Evoke: Wand              |       |     1 |     9 |    14 ||    24
       Staff of Olgreb   |       |       |    10 |    60 ||    70
       Lamp of fire      |       |       |       |     1 ||     1
       Box of beasts     |       |       |       |     1 ||     1
  Use: Scroll            |       |     5 |     5 |     6 ||    16
 Stab: Sleeping          |    20 |    29 |    18 |     4 ||    71
       Confused          |       |       |     1 |       ||     1
       Distracted        |       |       |       |     1 ||     1
       Held in net/web   |       |       |       |     1 ||     1
Armor: Robe              |    33 |    49 |       |       ||    82
       Ring mail         |       |       |   104 |    99 ||   203
Dodge: Dodged            |    92 |   127 |   116 |   251 ||   586

Table legend:
 A = Spawn XP
 B = Non-spawn XP
 C = Spawn XP percentage of total XP
 D = Spawn monster count
 E = Non-spawn monster count
 F = Spawn count percentage of total count
 G = Total turns spent on level
                    A         B        C        D         E        F      G
               +---------+---------+-------+---------+---------+-------+---------
         Total |       0 |   21804 |   0.0 |       0 |     364 |   0.0 |  6719
               +---------+---------+-------+---------+---------+-------+---------
           D:1 |       0 |      38 |   0.0 |       0 |      21 |   0.0 |   653
           D:2 |       0 |      34 |   0.0 |       0 |      16 |   0.0 |   443
           D:3 |       0 |      66 |   0.0 |       0 |      22 |   0.0 |   566
           D:4 |       0 |     160 |   0.0 |       0 |       6 |   0.0 |   420
           D:5 |       0 |     288 |   0.0 |       0 |      18 |   0.0 |   454
           D:6 |       0 |    1056 |   0.0 |       0 |      35 |   0.0 |   603
           D:7 |       0 |    3079 |   0.0 |       0 |      44 |   0.0 |   820
           D:8 |       0 |    3789 |   0.0 |       0 |      29 |   0.0 |   576
           D:9 |       0 |    2161 |   0.0 |       0 |      17 |   0.0 |   274
          D:10 |       0 |    3248 |   0.0 |       0 |      31 |   0.0 |   494
          D:11 |       0 |    4649 |   0.0 |       0 |      43 |   0.0 |   318
          D:12 |       0 |    1202 |   0.0 |       0 |      17 |   0.0 |   478
          D:13 |       0 |    1754 |   0.0 |       0 |      17 |   0.0 |    21
         Sewer |       0 |     280 |   0.0 |       0 |      48 |   0.0 |   599
               +---------+---------+-------+---------+---------+-------+---------
